 Dungeon Crawl Stone Soup version 0.19.4-10-g532645f (console) character file.

1071 Grinner the Grappler (level 8, -5/74 HPs)
             Began as a Troll Monk on Feb 23, 2017.
             Slain by an orc
             ... wielding a +0 trident
              (8 damage)
             ... on level 5 of the Dungeon.
             The game lasted 00:06:52 (3604 turns).

Grinner the Grappler (Troll Monk)                   Turns: 3604, Time: 00:06:52

Health: -5/74      AC:  5    Str: 20    XL:     8   Next: 7%
Magic:  7/7        EV: 12    Int:  6    God:
Gold:   265        SH:  0    Dex: 14    Spells: 0 memorised, 7 levels left

rFire  . . .     SeeInvis .       - Unarmed
rCold  + . .     Gourm    +     a - +0 robe
rNeg   . . .     Faith    .     (no shield)
rPois  .         Spirit   .     (helmet restricted)
rElec  .         Reflect  .     (no cloak)
rCorr  .         Harm     +     (gloves unavailable)
MR     .....                    (boots unavailable)
Stlth  ++........               l - amulet of harm
                                (no ring)
                                v - ring of protection from cold

@: no status effects
A: unfitting armour, claws 3, fast metabolism 3, gourmand, regeneration 1,
shaggy fur 1, tough skin 2
a: no special abilities


You were on level 5 of the Dungeon.
You were full.

You visited 1 branch of the dungeon, and saw 5 of its levels.

You collected 265 gold pieces.

Inventory:

Armour
 a - a +0 robe (worn)
Magical Staves
 n - an uncursed staff of air
Jewellery
 l - an amulet of harm (around neck)
 v - a ring of protection from cold (left claw)
Wands
 u - a wand of flame (20/48)
Scrolls
 i - 2 scrolls of fog {unknown}
 r - 7 scrolls of remove curse {unknown}
 t - a scroll of amnesia {unknown}
Potions
 c - a potion of brilliance
 e - a potion of berserk rage
 f - 2 potions of resistance
 h - a potion of cure mutation
 m - 2 potions of might
 o - 3 potions of magic {unknown}
 p - 2 potions of curing
 s - 2 potions of heal wounds
Comestibles
 b - 6 bread rations
 d - 2 royal jellies
 g - 4 meat rations
 j - a beef jerky
 q - a slice of pizza


   Skills:
 - Level 2.4 Fighting
 + Level 5.0 Dodging
 - Level 1.0 Stealth
 * Level 8.4 Unarmed Combat


You had 7 spell levels left.
You didn't know any spells.

Dungeon Overview and Level Annotations

Branches:
Dungeon (5/15)             Temple (0/1) D:5

Altars:
Elyvilon
Gozag
Hepliaklqana
Makhleb
Vehumet


Innate Abilities, Weirdness & Mutations

You are too large for most types of armour.
You have claws for hands.
Your metabolism is lightning-fast.
You like to eat raw meat.
Your natural rate of healing is unusually fast.
You are covered in fur. (AC +1)
You have very tough skin. (AC +2)


Message History

The orc throws a tomahawk.
The tomahawk closely misses you.
The orc warrior hits you with a battleaxe!!
You barely miss the orc warrior.
The orc shouts!
The orc warrior hits you with a battleaxe!
You scratch the orc warrior but do no damage.
You barely miss the orc warrior.
The orc warrior hits you with a battleaxe.
You scratch the orc warrior but do no damage.
The orc misses you.
The orc warrior hits you with a battleaxe!
The orc closely misses you.
You closely miss the orc warrior.
The orc hits you from afar with a trident.
The orc misses you.
You closely miss the orc warrior. The orc closely misses you.
The orc warrior hits you with a battleaxe!!
* * * LOW HITPOINT WARNING * * *
The orc hits you from afar with a trident!
You die...

####.### ##...#
#......# #..###
#......# ##.## #
#....>.#####..# #
#............##
#......#######
#o.o...# #oo....#
############@o...<#
#.................#
#.#########.#######
#.# #.## #.# #..#
#.# ##.# #.# #.#
#.# #.# #.# #.#


You could see an orc warrior and 4 orcs.

Vanquished Creatures
  A black bear (D:5)
  An orc warrior (D:3)
  A necrophage (D:5)
  A phantom (D:4)
  An ogre (D:5)
  A scorpion (D:5)
  2 crimson imps (D:5)
  An orc priest (D:3)
  4 orc wizards
  Natasha (thrice) (D:2)
  2 worker ants
  A hound zombie (D:5)
  4 gnolls (D:4)
  8 adders
  3 oozes
  3 worms
  3 dart slugs
  5 leopard geckos
  12 orcs
  6 bats
  2 giant cockroaches
  8 goblins
  8 hobgoblins
  7 jackals
  2 quokkas
  4 ball pythons
  3 frilled lizards
  A jackal skeleton (D:5)
  A jackal zombie (D:5)
  5 kobolds
  A leopard gecko zombie (D:5)
  2 quokka skeletons (D:5)
  A quokka zombie (D:5)
  6 rats
  A plant (D:4)
115 creatures vanquished.

Notes
Turn   | Place    | Note
-------+----------+-------------------------------------------
     0 | D:1      | Grinner the Troll Monk began the quest for the Orb.
     0 | D:1      | Reached XP level 1. HP: 22/22 MP: 0/0
    78 | D:1      | Reached XP level 2. HP: 29/29 MP: 1/1
   485 | D:1      | Reached XP level 3. HP: 33/36 MP: 2/2
   704 | D:2      | Reached skill level 4 in Unarmed Combat
   901 | D:2      | Noticed Natasha
   908 | D:2      | Killed Natasha
   908 | D:2      | Reached XP level 4. HP: 39/44 MP: 3/3
   914 | D:2      | Noticed Natasha
   920 | D:2      | Killed Natasha
  1040 | D:2      | Noticed Natasha
  1050 | D:2      | Killed Natasha
  1050 | D:2      | Reached skill level 5 in Unarmed Combat
  1077 | D:2      | Reached XP level 5. HP: 50/50 MP: 4/4
  1096 | D:2      | Found an opulent altar of Gozag.
  1096 | D:2      | Found a faded altar of an unknown god.
  1101 | D:2      | Found a faded altar of an unknown god.
  1103 | D:2      | Found a faded altar of an unknown god.
  1105 | D:2      | Found a faded altar of an unknown god.
  1327 | D:3      | Noticed an orc warrior
  1341 | D:3      | Killed an orc warrior
  1350 | D:3      | Reached XP level 6. HP: 7/59 MP: 5/5
  1455 | D:3      | Reached skill level 6 in Unarmed Combat
  1460 | D:3      | HP: 2/59 [orc priest/divine providence (14)]
  1630 | D:3      | Found a faded altar of an unknown god.
  1685 | D:3      | Found a white marble altar of Elyvilon.
  2528 | D:4      | Reached skill level 7 in Unarmed Combat
  2528 | D:4      | Reached XP level 7. HP: 43/66 MP: 6/6
  2924 | D:5      | Entered Level 5 of the Dungeon
  2986 | D:5      | Found a hazy altar of Hepliaklqana.
  3022 | D:5      | Found a radiant altar of Vehumet.
  3023 | D:5      | Found a burning altar of Makhleb.
  3116 | D:5      | Found a staircase to the Ecumenical Temple.
  3363 | D:5      | Reached skill level 8 in Unarmed Combat
  3560 | D:5      | Reached skill level 5 in Dodging
  3560 | D:5      | Reached XP level 8. HP: 63/74 MP: 7/7
  3604 | D:5      | HP: 3/74 [orc warrior/battleaxe (21)]
  3604 | D:5      | Slain by an orc

Skill      XL: |  1  2  3  4  5  6  7 |
---------------+----------------------+-----
Unarmed Combat | 4 5 7 8 |  8.4
Dodging        | 3 4 5 |  5.0
Fighting       | |  2.4
Stealth        | |  1.0

Action                   |  1- 3 |  4- 6 |  7- 9 || total
-------------------------+-------+-------+-------++-------
Melee: Unarmed           |   112 |   146 |    81 ||   339
       Punch             |     1 |     4 |     2 ||     7
  Use: Potion            |       |     2 |     1 ||     3
       Scroll            |       |     2 |     5 ||     7
 Stab: Sleeping          |     1 |     1 |     1 ||     3
  Eat: Chunk             |    11 |    18 |     7 ||    36
Armor: Robe              |    55 |    40 |    16 ||   111
Dodge: Dodged            |    51 |    89 |    31 ||   171
